 Dungeon Crawl Stone Soup version 0.30-a0-1102-g2dbb833546 (webtiles) character file.

Game seed: 2947386045444926798

44 Conn the Firebug (level 3, -2/21 HPs)
             Began as an Octopode Fire Elementalist on Apr 18, 2023.
             Slain by a hobgoblin (6 damage)
             ... led by Robin
             ... on level 2 of the Dungeon.
             The game lasted 00:03:26 (1288 turns).

Conn the Firebug (Octopode Fire Elementalist)       Turns: 1288, Time: 00:03:27

Health: -2/21      AC:  1    Str: 13    XL:     3   Next: 62%
Magic:  6/6        EV: 13    Int: 19    God:
Gold:   108        SH:  0    Dex: 12    Spells: 3/6 levels left

rFire   + . .      SeeInvis .    i - +0 short sword
rCold   + . .      Faith    .    (no shield)
rNeg    . . .      Spirit   .    (helmet restricted)
rPois   +          Reflect  .    (no amulet)
rElec   +          Rampage  .    e - +6 ring of strength
rCorr   +                        (no ring)
Will    .....                    (no ring)
Stlth   +++                      (no ring)
HPRegen 0.23/turn                (no ring)
MPRegen 0.10/turn                (no ring)
                                 (no ring)
                                 (no ring)

@: brilliant, about to teleport, resistant, hasted, very quick
A: almost no armour, amphibious, 8 rings, camouflage 1, gelatinous body 1,
(nimble swimmer 1), tentacles
a: no special abilities


You were on level 2 of the Dungeon.
You visited 1 branch of the dungeon, and saw 2 of its levels.

You collected 108 gold pieces.

Inventory:

Hand Weapons
 i - a +0 short sword (weapon)
Jewellery
 e - a +6 ring of strength (left tentacle)
Scrolls
 c - 2 scrolls of identify {unknown}
 d - 3 scrolls of enchant armour {unknown}
 h - a scroll of noise {unknown}
 n - a scroll of poison {unknown}
 o - a scroll of immolation {unknown}
Potions
 a - a potion of magic
 k - a potion of attraction {unknown}
 m - a potion of mutation {unknown}


   Skills:
 + Level 0.2 Short Blades
 + Level 2.3 Dodging
 + Level 3.1 Stealth
 + Level 2.3 Spellcasting
 + Level 1.4 Conjurations
 + Level 3.6 Fire Magic


You had 3 spell levels left.
You knew the following spells:

 Your Spells              Type           Power      Damage    Failure   Level
a - Foxfire               Conj/Fire      68%        2x1d7     6%          1
b - Scorch                Fire           46%        2d7       5%          2

Your spell library contained the following spells:

 Spells                   Type           Power      Damage    Failure   Level
 Inner Flame              Hex/Fire       13%        N/A       24%         3
 Volatile Blastmotes      Fire/Tloc      26%        2d12      24%         3
 Flame Wave               Conj/Fire      17%        2d7       50%         4
 Anguish                  Hex/Necr       1%         N/A       86%         4
 Cause Fear               Hex            1%         N/A       86%         4
 Enfeeble                 Hex            1%         N/A       100%        7
 Malign Gateway           Summ/Tloc      1%         N/A       100%        7
 Summon Horrible Things   Summ           1%         N/A       100%        8


Dungeon Overview and Level Annotations

Branches:
Dungeon (2/15)

Altars:

Annotations:
D:2 Robin


Innate Abilities, Weirdness & Mutations

You cannot wear most types of armour.
You are amphibious.
You can wear up to eight rings at the same time.
Your skin changes colour to match your surroundings (Stealth+).
Your rubbery body absorbs attacks. (AC +1, EV +1)
((You are camouflaged when in or above water. (Stealth+)))
You have tentacles for arms and can constrict up to eight enemies at once.


Message History

The grasping roots grab you!
The goblin is unaffected.
The now-empty wand crumbles to dust.
The grasping roots constrict you.
You hear a shout!
Unknown command.
You bump into the rock wall.
The goblin barely misses you. The grasping roots constrict you.
You escape the roots grasp.
The goblin barely misses you.
Robin roars a battlecry!
The goblin goes into a battle-frenzy!
You're too confused to move!
The goblin hits you with a +0 dagger.
A hobgoblin comes into view.
The goblin hits you with a +0 club.
Unknown command.
You hit the goblin.
The goblin is severely wounded.
The goblin barely misses you. The goblin hits you with a +0 club.
Unknown command.
It was a potion of brilliance.
You feel clever all of a sudden.
You feel less invigorated.
You feel less confused. The goblin hits you with a +0 dagger.
The hobgoblin barely misses you. The goblin hits you with a +0 club.
A hobgoblin comes into view.
Okay, then.
Casting: Foxfire (safe; 6% risk of failure)
Confirm with . or Enter, or press ? or * to list all spells.
Okay, then.
Unknown command.
Unknown command.
Unknown command.
As you read the scroll labelled QITARAMOIMN, it crumbles to dust.
You feel strangely unstable.
It was a scroll of teleportation.
The goblin closely misses you. The hobgoblin barely misses you.
The goblin hits you with a +0 club.
* * * LOW HITPOINT WARNING * * *
It was a potion of haste.
You feel yourself speed up. The goblin barely misses you.
The hobgoblin hits you.
You die...

##### ##### # #...#
#...#
######.#.#######.#.#
...............gggg#
#..)...#.#......@#†#
#......#.#.####g##.#
#..........# #.##.#
#..........# #.##)#
#.†........# #.##g#
#......#...# #.##g#
#......##### #.##.#
#......# #.#
#....... #.#


You could see Robin, 2 hobgoblins and 2 goblins.

Vanquished Creatures
  An adder (D:2)
  A worm (D:2)
  2 dart slugs (D:2)
  3 ball pythons
  An endoplasm (D:2)
  2 giant cockroaches
  3 hobgoblins
  5 kobolds
  A quokka (D:1)
  A frilled lizard (D:1)
  4 goblins
  A rat (D:1)
25 creatures vanquished.

Vanquished Creatures (others)
  66 foxfires
66 creatures vanquished.

Grand Total: 91 creatures vanquished

Notes
Turn   | Place    | Note
-------+----------+-------------------------------------------
     0 | D:1      | Conn the Octopode Fire Elementalist began the quest for the
                  | Orb.
     0 | D:1      | Reached XP level 1. HP: 11/11 MP: 3/3
   397 | D:1      | Reached XP level 2. HP: 17/17 MP: 1/5
   452 | D:1      | Learned a level 2 spell: Scorch
  1171 | D:2      | Reached XP level 3. HP: 20/21 MP: 3/6
  1270 | D:2      | Noticed Robin
  1288 | D:2      | Slain by a hobgoblin

Illustrated notes

Levels and vault maps discovered:
D:1:      lightli_molten_gateway, layout_basic
D:2:      layout_basic, uniq_robin

Skill      XL: |  1  2  3 |
---------------+----------+-----
Stealth        | 3 |  3.1
Short Blades   | |  0.2
Dodging        | |  2.3
Spellcasting   | |  2.3
Conjurations   | |  1.4
Fire Magic     | |  3.6

Action                     || total
---------------------------++-------
  Melee: Short sword       ||    13
         Constrict         ||     3
         Tentacles         ||     4
   Cast: Foxfire           ||    35
         Scorch            ||     1
    Use: Potion            ||     4
         Scroll            ||     1
 Armour: Skin              ||     1
  Dodge: Dodged            ||    18

Table legend: (Time is in decaauts)
 A = Elapsed time spent in this place.
 B = Non-inter-level travel time spent in this place.
 C = Inter-level travel time spent in this place.
 D = Time resting spent in this place.
 E = Time spent auto-exploring this place.
 F = Levels seen in this place.
 G = Mean time per level.
                   A        B        C        D        E       F      G
               +--------+--------+--------+--------+--------+-----+--------+
         Total |   1286 |   1236 |     50 |      0 |    930 |   2 |  643.0 |
       Dungeon |   1286 |   1236 |     50 |      0 |    930 |   2 |  643.0 |
               +--------+--------+--------+--------+--------+-----+--------+

Top non-repeatable levels by time:
     D:1: 1037 daAuts
     D:2: 249 daAuts
